AoeStats
← VaeVictus

Arabia

509137770Analyzed
1v1 RM · 8d ago on Sep 25, 2026· 32m 51s· 2 players
Game mode
Random Map
Map size
Tiny (2 player)
Population
200
Speed
Normal
Resources
Standard
Victory
Conquest
Starting age
Dark Age
Ending age
Imperial Age
RankedLock teamsTeams togetherTeam positionsShared explorationLock speedFull tech treeHidden civsTurbo modeCheats
Victory
Defeat
🇩🇪 Varangians · Germany
1154
+15
🇺🇸 Portuguese · United States
1129
-15
VaeVictus
8:36 Loom
10:30 Feudal Age
15:52 Castle Age
28:37 Sanctity
Argon the Emperor
6:23 Loom
9:18 Feudal Age
10:50 Double-Bit Axe
22:45 Castle Age
29:19 Bow Saw
Connection lost

Rejoining the realm…

Still unreachable

The connection could not be restored.

Session expired

The server has moved on; the page needs a fresh start.